 Dungeon Sprint DCSS version 0.19.1-1-g22dce08 (webtiles) character file.

141915 dvd the Skullcrusher (level 16, -15/195 HPs)
             Began as an Ogre Berserker on Jan 6, 2017.
             Was the Champion of Trog.
             Demolished by a reaper
             ... wielding a +1 scythe of flaming
             ... summoned by a mummy priest's death curse
              (37 damage)
             ... in the Dungeon (Sprint III: "The Ten Rune Challenge").
             The game lasted 01:19:17 (12302 turns).

dvd the Skullcrusher (Ogre Berserker)              Turns: 12302, Time: 01:19:18

Health: -15/195    AC: 11    Str: 30    XL:     16   Next: 64%
Magic:  14/16      EV: 23    Int: 11    God:    Trog [******]
Gold:   14         SH:  0    Dex: 13    Spells: 0 memorised, 15 levels left

rFire  + . .     SeeInvis .     a - +4 giant spiked club of Usybio {crush, rPois rN+}
rCold  + . .     Gourm    .     X - +2 robe {MR+}
rNeg   + . .     Faith    +     (shield currently unavailable)
rPois  +         Spirit   .     C - +2 hat {Int+3}
rElec  +         Reflect  .     O - +2 cloak
rCorr  +         Harm     .     (gloves unavailable)
MR     +++++     NoTele   +     (boots unavailable)
Stlth  +++++++...               f - amulet "Xaosm" {Faith Fragile +Fly rC+ Str+3 Int+2}
                                z - ring of protection from fire
                                A - ring of resist corrosion

@: regenerating, slowed, very slow
A: unfitting armour, talons 1, frail 1, magic resistance 1, shaggy fur 1,
electricity resistance, slow regeneration 1, tough skin 1, wild magic 2
a: Berserk, Trog's Hand, Brothers in Arms, Burn Spellbooks, Renounce Religion,
Evoke Flight
}: 2/10 runes: decaying, barnacled


You were in the Dungeon.
You worshipped Trog.
Trog was exalted by your worship.
You were not hungry.

You visited 1 branch You collected 2204 gold pieces.
You spent 2190 gold pieces at shops.

Inventory:

Hand Weapons
 a - the +4 giant spiked club of Usybio (weapon) {crush, rPois rN+}
   (Trog gifted it to you in the Dungeon)

   It inflicts extra damage upon your enemies.
   It protects you from poison.
   It protects you from negative energy.
 d - a +4 dire flail of protection
 l - the +5 great mace "Taets" {crush, MR+ Str+4}
   (Trog gifted it to you in the Dungeon)

   It inflicts extra damage upon your enemies.
   It affects your strength (+4).
   It affects your resistance to hostile enchantments.
 n - the +8 giant club of Sudden Death {antimagic, rPois rF- rC++ MR+}
   (Trog gifted it to you in the Dungeon)

   It reduces the magical energy of the wielder, and disrupts the spells and
   magical abilities of those hit.
   Natural abilities and divine invocations are not affected.
   It makes you vulnerable to fire.
   It greatly protects you from cold.
   It protects you from poison.
   It affects your resistance to hostile enchantments.
 p - a +7 antimagic great mace
 y - the +2 dire flail of Cycyreogh {elec, rElec}
   (Trog gifted it to you in the Dungeon)

   Occasionally, upon striking a foe, it will discharge some electrical energy
   and cause terrible harm.
   It insulates you from electricity.
 D - the +5 giant spiked club "Ishrix" {venom, rF+}
   (Trog gifted it to you in the Dungeon)

   It poisons the flesh of those it strikes.
   It protects you from fire.
 N - a +3 great mace of protection
 S - the +1 bardiche "Uxtin" {venom, *Corrode rN+ MR+ Str+2}
   (Trog gifted it to you in the Dungeon)

   It poisons the flesh of those it strikes.
   It affects your strength (+2).
   It protects you from negative energy.
   It affects your resistance to hostile enchantments.
   It may corrode you when you take damage.
 V - a +6 dire flail of holy wrath
 W - the +3 giant club of Urgency {vamp, rPois Str+5 Int+4 Dex-4}
   (You found it in the Dungeon)

   It inflicts no extra harm, but heals its wielder when it wounds a living foe.
   It affects your strength (+5).
   It affects your intelligence (+4).
   It affects your dexterity (-4).
   It protects you from poison.
 Y - a +11 antimagic giant spiked club
Missiles
 c - 13 silver javelins
 h - 2 poisoned javelins
 j - 9 tomahawks
 w - 3 needles of sleeping
 G - 4 javelins
 Q - 5 steel tomahawks
 R - 7 javelins of penetration
 T - 11 large rocks (quivered)
 U - 11 javelins of returning
Armour
 t - a +1 robe of positive energy
 C - a +2 hat of intelligence (worn)
 L - a +0 cloak of poison resistance
 O - a +2 cloak (worn)
 X - a +2 robe of magic resistance (worn)
Jewellery
 f - the amulet "Xaosm" (around neck) {Faith Fragile +Fly rC+ Str+3 Int+2}
   (You acquired it in the Dungeon)

   [amulet of faith]

   It allows you to gain divine favour quickly.
   It affects your strength (+3).
   It affects your intelligence (+2).
   It protects you from cold.
   It lets you fly.
   It will be destroyed if unequipped.
 q - the amulet "Jitsirua" {Gourm Str-5 Int+2 Dex+2 Stlth+}
   (You acquired it in the Dungeon)

   [amulet of the gourmand]

   It allows you to eat raw meat even when not hungry.
   It affects your strength (-5).
   It affects your intelligence (+2).
   It affects your dexterity (+2).
   It makes you more stealthy.
 s - an uncursed ring of protection from cold
 u - an uncursed amulet of regeneration
 z - a ring of protection from fire (right hand)
 A - a ring of resist corrosion (left hand)
Wands
 x - a wand of slowing (19/48)
 B - a wand of acid (9/15)
 H - a wand of flame (28/48)
Scrolls
 i - a scroll of blinking
 k - 13 scrolls of identify
 m - a scroll of holy word
 I - a scroll of remove curse
Potions
 g - 2 potions of magic
 o - 3 potions of flight
 v - 3 potions of might
 E - 2 potions of haste
 K - a potion of brilliance
Comestibles
 b - 2 meat rations
 r - 7 fruits
 F - a bread ration
 P - 12 royal jellies


   Skills:
 O Level 27 Fighting
 O Level 27 Maces & Flails
 * Level 18.5 Throwing
 + Level 21.7 Dodging
 + Level 17.4 Stealth


You had 15 spell levels left.
You didn't know any spells.

Dungeon Overview and Level Annotations

Branches:
Dungeon (1/1)

Altars:
Cheibriados
Dithmenos
Elyvilon
Fedhas
Gozag
Hepliaklqana
Kikubaaqudgha
Makhleb
Nemelex Xobeh
Okawaru
Qazlal
Ru
Sif Muna
Trog
Uskayaw
Vehumet
Xom
Yredelemnul
Zin
The Shining One
Beogh
Jiyva
Lugonu

Shops:
D [=%?[:[?[[[!(:=!:?[}!?%*

Annotations:
D exclusion: statue, Chuck, Geryon


Innate Abilities, Weirdness & Mutations

You are too large for most types of armour.
You have tough skin. (AC +1)
You have sharp toenails.
You are frail. (-10% HP)
You are resistant to hostile enchantments. (MR+)
You are covered in fur. (AC +1)
You are resistant to electric shocks. (rElec)
You regenerate slowly when monsters are visible.
Your spells are harder to cast, but more powerful.


Message History

The guardian mummy hits your stone giant but does no damage.
A mummy priest comes into view. It is wielding a spear of piercing.
Unknown command.
Your stone giant hits the guardian mummy!
Your stone giant barely misses the guardian mummy.
The reaper closely misses you.
The guardian mummy hits your stone giant with a dagger of protection!!
Your stone giant hits the guardian mummy but does no damage.
Things that are here:
a glowing great mace {god gift} x2
You thump the reaper! Your kick misses the reaper.
The reaper is moderately wounded.
Your stone giant hits the guardian mummy!!!
The guardian mummy is destroyed!
Trog accepts your kill.
You feel extremely nervous for a moment...
You convulse helplessly as pain tears through your body!
* * * LOW HITPOINT WARNING * * *
The reaper hits you with a scythe of flaming!!!
You die...

...)§§..▓..#.^............#
###.§§#.▓..#............^^#
(.##§≈#.▓..#..##########..#
#..##'##▓..#..#(..,,,,,#..#
##.##...▓^.#..#^.M,,,,,#..#
##.####.▓..#..#(.,,,,,,#).#
##......▓..#^.#M|,,,,,,#..#
####+###▓..#..#C########^.#
')⌠[..≈.▓..#^.#.@2........#
#≈≈.≈.≈.▓..'..#...^..^....#
#.≈.≈.≈.▓##################
#...≈...▓******************
####'###▓,+,,,,*,,+,,,*,,,*
#.#.#.#.▓,*,,,,*,**,,,*,,,*
†#.#.#.#▓,*,,,,*,,*≈≈≈*,,,*
#.#.#.#.▓,****+**,*≈≈≈*,*,*
▓▓▓▓▓▓▓▓▓,*,,,,*,,*,,,*,*,*


You could see a reaper, a mummy priest and a friendly stone giant (berserk).

Vanquished Creatures
  Mara (D)
  Mennas (D)
  Boris (D)
  A greater mummy (D)
  Nikola (D)
  2 bone dragons (D)
  Rupert (D)
  2 sphinxes (D)
  Ilsuiw (D)
  A storm dragon (D)
  Roxanne (D)
  4 azure jellies (D)
  2 stone giants (D)
  6 vampire knights (D)
  Azrael (D)
  A fire dragon (D)
  7 mummy priests (D)
  4 yaktaur captains (D)
  2 hell beasts (D)
  3 hydras (D)
  4 death yaks (D)
  A centaur warrior (D)
  Erolcha (D)
  4 dancing weapons (D)
  Urug (D)
  A titan zombie (D)
  A sun demon (D)
  2 soul eaters (D)
  A shadow wraith (D)
  6 skeletal warriors (D)
  An anaconda zombie (D)
  A sea snake (D)
  2 death drakes (D)
  An orange crystal statue (D)
  A spriggan druid (D)
  A spectral hydra (D)
  A lindwurm (D)
  2 oklob plants (D)
  An orc sorcerer (D)
  3 ugly things (D)
  An orb spider (shapeshifter) (D)
  4 crystal guardians (D)
  6 deep elf magi (D)
  A stone giant skeleton (D)
  2 black mambas (D)
  An iron troll simulacrum (D)
  An eye of devastation (shapeshifter) (D)
  4 statues (D)
  2 spiny frogs (D)
  Edmund (D)
  8 yaktaurs (D)
  A komodo dragon (D)
  A rime drake (D)
  2 ice devils (D)
  4 anaconda simulacra (D)
  12 guardian mummies (D)
  2 tyrant leeches (D)
  A queen bee (D)
  3 spriggan defenders (D)
  3 hornets (D)
  2 dream sheep (D)
  8 blink frogs (D)
  7 slime creatures (D)
  3 wandering mushrooms (D)
  2 spriggans (D)
  5 redbacks (D)
  2 hill giants (D)
  A spatial vortex (D)
  A floating eye (D)
  A swamp drake (D)
  A necrophage (D)
  A fire dragon simulacrum (D)
  2 swamp dragon skeletons (D)
  A water elemental (D)
  A scorpion (D)
  28 killer bees (D)
  4 electric eels (D)
  2 orc priests (D)
  A wizard (D)
  Jessica (D)
  3 necromancers (D)
  A polar bear simulacrum (D)
  2 wolf simulacra (D)
  3 humans (D)
  A kobold demonologist (D)
  2 adder simulacra (D)
  6 orcs (D)
  A bat simulacrum (D)
  A giant cockroach zombie (D)
  A quokka zombie (D)
  2 rats (D)
  4 ballistomycetes (D)
  A bush (D)
  6 plants (D)
247 creatures vanquished.

Vanquished Creatures (collateral kills)
  A greater mummy (D)
  Sigmund (D)
  Polyphemus (D)
  Gastronok (D)
  2 dire elephants (D)
  A merfolk javelineer (D)
  3 mummy priests (D)
  A sun demon (D)
  An orc high priest (D)
  A death drake (D)
  3 statues (D)
  2 elephants (D)
  A molten gargoyle (D)
  2 guardian mummies (D)
  A spriggan defender (D)
  A dream sheep (D)
  A shadow (D)
  An orc warrior (D)
  3 two-headed ogres (D)
  4 killer bees (D)
  A jelly (D)
  An orc priest (D)
  An orc wizard (D)
  6 orcs (D)
41 creatures vanquished.

Vanquished Creatures (others)
  2 draconian scorchers (D)
  6 hellions (D)
  3 yaktaurs (D)
  An orc high priest (D)
  2 orc priests (D)
  3 ball lightnings (D)
  5 ballistomycete spores (D)
  11 plants (D)
33 creatures vanquished.

Grand Total: 321 creatures vanquished

Notes
Turn   | Place    | Note
-------+----------+-------------------------------------------
     0 | D        | dvd the Ogre Berserker began the quest for the Orb.
     0 | D        | Reached XP level 1. HP: 24/24 MP: 1/1
    12 | D        | Noticed Jessica
    20 | D        | Killed Jessica
    20 | D        | Reached ** piety under Trog
    20 | D        | Reached skill level 5 in Fighting
    20 | D        | Reached XP level 2. HP: 32/36 MP: 2/2
    20 | D        | Reached XP level 3. HP: 39/44 MP: 3/3
    59 | D        | Noticed a scorpion
    67 | D        | Killed a scorpion
    67 | D        | Reached XP level 4. HP: 55/55 MP: 4/4
    79 | D        | Killed a hellion
    80 | D        | Killed a hellion
    80 | D        | Killed a hellion
    80 | D        | Killed a hellion
    84 | D        | Gained mutation: You expend magic power (3 MP) to strengthen your wands. [potion of mutation]
    84 | D        | Gained mutation: You possess an exceptional clarity of mind. [potion of mutation]
    84 | D        | Gained mutation: You are dopey. (Int -2) [potion of mutation]
    85 | D        | Gained mutation: Your magical capacity is low. (-10% MP) [potion of mutation]
    85 | D        | Lost mutation: You are dopey. (Int -2) [potion of mutation]
    85 | D        | Gained mutation: Your spells are a little harder to cast, but a little more powerful. [potion of mutation]
    86 | D        | Gained mutation: Scrolls take you a little longer to read. [potion of mutation]
    86 | D        | Gained mutation: You are resistant to electric shocks. (rElec) [potion of mutation]
    86 | D        | Gained mutation: You regenerate slowly when monsters are visible. [potion of mutation]
   125 | D        | Killed a hellion
   131 | D        | Killed a hellion
   151 | D        | Reached skill level 5 in Dodging
   159 | D        | Killed a white draconian scorcher
   174 | D        | Killed a white draconian scorcher
   222 | D        | Killed a yaktaur
   260 | D        | Noticed a water elemental
   269 | D        | Killed a water elemental
   269 | D        | Reached *** piety under Trog
   269 | D        | Reached XP level 5. HP: 66/66 MP: 4/4
   304 | D        | Found a radiant altar of Vehumet.
   305 | D        | Found a deep blue altar of Sif Muna.
   305 | D        | Found an ancient bone altar of Kikubaaqudgha.
   307 | D        | Noticed an orange demon
   308 | D        | Reached skill level 10 in Maces & Flails
   312 | D        | Noticed a ynoxinul
   316 | D        | Reached **** piety under Trog
   380 | D        | Killed a yaktaur
   471 | D        | Found a glowing silver altar of Zin.
   471 | D        | Found a glowing golden altar of the Shining One.
   471 | D        | Found a white marble altar of Elyvilon.
   472 | D        | Noticed a deep elf mage
   479 | D        | Killed a deep elf mage
   479 | D        | Reached ***** piety under Trog
   479 | D        | Reached skill level 1 in Stealth
   479 | D        | Reached XP level 6. HP: 54/80 MP: 5/5
   479 | D        | Reached XP level 7. HP: 59/88 MP: 6/6
   674 | D        | Found a hide-covered altar of Uskayaw.
   674 | D        | Found a roughly hewn altar of Beogh.
   674 | D        | Found an iron altar of Okawaru.
   674 | D        | Found a bloodstained altar of Trog.
   674 | D        | Noticed a human
   681 | D        | Killed a human
   682 | D        | Noticed a human
   692 | D        | Killed a human
   750 | D        | Found a basalt altar of Yredelemnul.
   750 | D        | Found a shadowy altar of Dithmenos.
   750 | D        | Found a sacrificial altar of Ru.
   755 | D        | Reached XP level 8. HP: 98/98 MP: 7/7
   767 | D        | Received a gift from Trog
   768 | D        | Got a slimy hunting sling {god gift}
   769 | D        | Identified the +0 hunting sling "Laoditan" {freeze, rPois} (Trog gifted it to you in the Dungeon)
   789 | D        | Noticed a shadow
   795 | D        | Killed a shadow
  1048 | D        | Found a blossoming altar of Fedhas.
  1048 | D        | Found a stormy altar of Qazlal.
  1048 | D        | Found a snail-covered altar of Cheibriados.
  1048 | D        | Found a burning altar of Makhleb.
  1048 | D        | Found a shimmering altar of Xom.
  1049 | D        | Found a hazy altar of Hepliaklqana.
  1049 | D        | Found an opulent altar of Gozag.
  1049 | D        | Found a sparkling altar of Nemelex Xobeh.
  1049 | D        | Found a corrupted altar of Lugonu.
  1049 | D        | Found a viscous altar of Jiyva.
  1061 | D        | Reached skill level 15 in Maces & Flails
  1192 | D        | Noticed an orc sorcerer
  1210 | D        | Killed an orc sorcerer
  1210 | D        | Reached skill level 10 in Dodging
  1210 | D        | Reached XP level 9. HP: 106/111 MP: 8/8
  1216 | D        | Noticed an orc high priest
  1227 | D        | Noticed a red devil
  1231 | D        | Received a gift from Trog
  1236 | D        | Killed an orc high priest
  1248 | D        | Received a gift from Trog
  1255 | D        | Found Ginureur's Magic Scroll Shoppe.
  1423 | D        | Noticed Erolcha
  1428 | D        | Killed Erolcha
  1428 | D        | Reached skill level 15 in Fighting
  1432 | D        | Received a gift from Trog
  1439 | D        | Reached XP level 10. HP: 126/126 MP: 9/9
  1731 | D        | Noticed a spiny frog
  1731 | D        | Noticed a spiny frog
  1736 | D        | Killed a spiny frog
  1736 | D        | Reached ****** piety under Trog
  1738 | D        | Killed a spiny frog
  1981 | D        | Received a gift from Trog
  1982 | D        | Got a steaming dire flail {god gift}
  1983 | D        | Identified the +2 dire flail of Cycyreogh {elec, rElec} (Trog gifted it to you in the Dungeon)
  2000 | D        | Noticed Rupert
  2009 | D        | Killed Rupert
  2009 | D        | Reached XP level 11. HP: 98/143 MP: 9/9
  2237 | D        | Noticed an azure jelly
  2237 | D        | Noticed an azure jelly
  2237 | D        | Noticed an azure jelly
  2237 | D        | Noticed an azure jelly
  2238 | D        | Noticed a dire elephant
  2238 | D        | Noticed a dire elephant
  2238 | D        | Noticed Gastronok
  2243 | D        | Killed a dire elephant
  2246 | D        | Killed a dire elephant
  2256 | D        | Killed Gastronok
  2256 | D        | Received a gift from Trog
  2311 | D        | Noticed a death yak
  2312 | D        | Noticed a death yak
  2317 | D        | Noticed a death yak
  2318 | D        | Noticed a death yak
  2322 | D        | Killed a death yak
  2327 | D        | Killed a death yak
  2327 | D        | Reached skill level 5 in Stealth
  2335 | D        | Killed a death yak
  2338 | D        | Killed a death yak
  2344 | D        | Received a gift from Trog
  2356 | D        | Reached XP level 12. HP: 135/157 MP: 3/10
  2659 | D        | Noticed Urug
  3006 | D        | Killed Urug
  3006 | D        | Received a gift from Trog
  3165 | D        | Noticed a four-headed hydra
  3165 | D        | Noticed a five-headed hydra
  3174 | D        | Killed a four-headed hydra
  3177 | D        | Killed a five-headed hydra
  3177 | D        | Reached skill level 1 in Throwing
  3476 | D        | Found a blossoming altar of Fedhas.
  3485 | D        | Received a gift from Trog
  3538 | D        | Noticed Polyphemus
  3554 | D        | Killed Polyphemus
  3567 | D        | Noticed Ilsuiw
  3568 | D        | Found Qocrazu's Book Emporium.
  3575 | D        | Found Tiwofe's Antique Armour Shop.
  3580 | D        | Killed Ilsuiw
  3580 | D        | Received a gift from Trog
  3791 | D        | Found Gale's Magic Scroll Shoppe.
  3792 | D        | Noticed a merfolk javelineer
  3808 | D        | Killed a merfolk javelineer
  3858 | D        | Got a barnacled rune of Zot
  3874 | D        | Bought an embroidered cloak for 273 gold pieces
  3874 | D        | Bought an embroidered robe for 174 gold pieces
  3907 | D        | Bought an embroidered robe for 174 gold pieces
  3917 | D        | Bought a runed robe for 174 gold pieces
  3942 | D        | Bought 2 scrolls of enchant armour for 150 gold pieces
  3942 | D        | Bought a scroll of enchant armour for 75 gold pieces
  4066 | D        | Lost mutation: You expend magic power (3 MP) to strengthen your wands. [potion of cure mutation]
  4066 | D        | Lost mutation: Your magical capacity is low. (-10% MP) [potion of cure mutation]
  4066 | D        | Lost mutation: You possess an exceptional clarity of mind. [potion of cure mutation]
  4455 | D        | Found Picuckeo's Antique Armour Shoppe.
  4455 | D        | Found Toak Ecsio's Jewellery Boutique.
  4455 | D        | Found Jeobyijalu's Food Emporium.
  4460 | D        | Reached XP level 13. HP: 172/172 MP: 13/13
  4470 | D        | Bought an uncursed ring of protection from cold for 250 gold pieces
  4470 | D        | Bought an uncursed ring of protection from fire for 250 gold pieces
  4470 | D        | Bought an uncursed ring of resist corrosion for 200 gold pieces
  4471 | D        | Bought a bread ration for 70 gold pieces
  4471 | D        | Bought a meat ration for 70 gold pieces
  4683 | D        | Got a decaying rune of Zot
  5301 | D        | Killed an azure jelly
  5301 | D        | Received a gift from Trog
  5314 | D        | Killed an azure jelly
  5316 | D        | Killed an azure jelly
  5321 | D        | Killed an azure jelly
  5527 | D        | Received a gift from Trog
  5538 | D        | Got a crude giant spiked club {god gift}
  5548 | D        | Identified the +4 giant spiked club of Usybio {crush, rPois rN+} (Trog gifted it to you in the Dungeon)
  5885 | D        | Received a gift from Trog
  5908 | D        | Received a gift from Trog
  5958 | D        | Received a gift from Trog
  6068 | D        | Noticed Sigmund
  6068 | D        | Noticed Edmund
  6083 | D        | Killed Edmund
  6085 | D        | Killed Sigmund
  6550 | D        | Received a gift from Trog
  6588 | D        | Received a gift from Trog
  6592 | D        | Got an ichor-stained bardiche {god gift}
  6607 | D        | Identified the +1 bardiche "Uxtin" {venom, *Corrode rN+ MR+ Str+2} (Trog gifted it to you in the Dungeon)
  6872 | D        | Gained mutation: You are covered in fur. (AC +1) [mutagenic meat]
  6873 | D        | Gained mutation: You are resistant to hostile enchantments. (MR+) [mutagenic meat]
  6932 | D        | Noticed a fire dragon
  6936 | D        | Killed a fire dragon
  7004 | D        | Received a gift from Trog
  7014 | D        | Reached skill level 15 in Dodging
  7016 | D        | Received a gift from Trog
  7023 | D        | Reached XP level 14. HP: 179/193 MP: 14/14
  7027 | D        | Got an iridescent glaive
  7027 | D        | Got a twisted giant club
  7028 | D        | Identified the +1 glaive "Beastslayer" {chop, *Noise Int+3} (You found it in the Dungeon)
  7031 | D        | Identified the +3 giant club of Urgency {vamp, rPois Str+5 Int+4 Dex-4} (You found it in the Dungeon)
  7113 | D        | Received a gift from Trog
  7145 | D        | Found Piogefeo's Magic Scroll Emporium.
  7145 | D        | Found Peacimes's Gadget Shop.
  7145 | D        | Found Dedain's Distillery.
  7145 | D        | Found Plog's Assorted Antiques.
  7145 | D        | Found Itauxyowou's Book Boutique.
  7145 | D        | Found Rice's Antique Armour Emporium.
  7145 | D        | Found Dajibuup's Jewellery Shoppe.
  7145 | D        | Found Mozeg's Food Shop.
  7145 | D        | Found Udiolid's Book Shop.
  7145 | D        | Found Zosovit's Magic Scroll Emporium.
  7145 | D        | Found Diul's Antique Weapon Emporium.
  7145 | D        | Found Usuergh's Distillery.
  7197 | D        | Bought an uncursed amulet of regeneration for 300 gold pieces
  7231 | D        | Noticed Mara
  7232 | D        | Noticed a vampire knight
  7232 | D        | Noticed a vampire knight
  7235 | D        | Received a gift from Trog
  7246 | D        | Noticed dvd's illusion
  7248 | D        | Killed a vampire knight
  7248 | D        | Reached skill level 27 in Maces & Flails
  7249 | D        | Killed Mara
  7249 | D        | Reached skill level 27 in Fighting
  7255 | D        | Killed a vampire knight
  7255 | D        | Received a gift from Trog
  7490 | D        | Received a gift from Trog
  7498 | D        | Got a jewelled giant club {god gift}
  7664 | D        | Found Gin Duyp's Armour Shop.
  7694 | D        | Found Wuiloqas's Distillery.
  7694 | D        | Found Gequ's Armour Shop.
  7694 | D        | Found Satteot's Armour Emporium.
  7757 | D        | Noticed Boris
  7775 | D        | Killed Boris
  7775 | D        | Received a gift from Trog
  7775 | D        | Reached skill level 10 in Stealth
  7792 | D        | Received a gift from Trog
  7799 | D        | Identified the +8 giant club of Sudden Death {antimagic, rPois rF- rC++ MR+} (Trog gifted it to you in the Dungeon)
  7984 | D        | Noticed Mennas
  8011 | D        | Killed Mennas
  8011 | D        | Reached XP level 15. HP: 36/206 MP: 5/15
  8439 | D        | Found Pamm's Armour Boutique.
  8464 | D        | Noticed Roxanne
  8473 | D        | Killed Roxanne
  8473 | D        | Received a gift from Trog
  8478 | D        | Received a gift from Trog
  8841 | D        | Reached skill level 5 in Throwing
  8880 | D        | Received a gift from Trog
  9137 | D        | Noticed Azrael
  9141 | D        | Killed Azrael
  9141 | D        | Received a gift from Trog
  9202 | D        | Got a bound jade amulet
  9204 | D        | Identified the amulet "Jitsirua" {Gourm Str-5 Int+2 Dex+2 Stlth+} (You acquired it in the Dungeon)
  9280 | D        | Received a gift from Trog
  9282 | D        | Got a dazzling giant spiked club {god gift}
  9283 | D        | Identified the +5 giant spiked club "Ishrix" {venom, rF+} (Trog gifted it to you in the Dungeon)
  9358 | D        | Noticed a deep elf blademaster
  9946 | D        | Reached skill level 10 in Throwing
  9999 | D        | Received a gift from Trog
 10009 | D        | Received a gift from Trog
 10191 | D        | Gained mutation: You have sharp toenails. [mutagenic meat]
 10193 | D        | Gained mutation: Your spells are harder to cast, but more powerful. [mutagenic meat]
 10195 | D        | Lost mutation: Scrolls take you a little longer to read. [mutagenic meat]
 10199 | D        | Gained mutation: You are frail. (-10% HP) [mutagenic meat]
 10227 | D        | Noticed Chuck
 10393 | D        | Received a gift from Trog
 10410 | D        | Noticed a bone dragon
 10417 | D        | Killed a bone dragon
 10457 | D        | Received a gift from Trog
 10473 | D        | Received a gift from Trog
 10479 | D        | Received a gift from Trog
 10507 | D        | Noticed a bone dragon
 10509 | D        | Killed a bone dragon
 10509 | D        | Reached skill level 15 in Stealth
 10516 | D        | Received a gift from Trog
 10545 | D        | Noticed a sphinx
 10551 | D        | Noticed a sphinx
 10554 | D        | Received a gift from Trog
 10554 | D        | Reached XP level 16. HP: 58/191 MP: 16/16
 10559 | D        | Killed a sphinx
 10560 | D        | Killed a sphinx
 10950 | D        | Bought a potion of curing for 30 gold pieces
 10987 | D        | Noticed Nikola
 10987 | D        | Noticed a storm dragon
 11006 | D        | Killed a storm dragon
 11006 | D        | Received a gift from Trog
 11084 | D        | Killed Nikola
 11104 | D        | Got an ancient sapphire amulet
 11106 | D        | Identified the amulet "Xaosm" {Faith Fragile +Fly rC+ Str+3 Int+2} (You acquired it in the Dungeon)
 11136 | D        | Received a gift from Trog
 11139 | D        | Got a crystal great mace {god gift}
 11140 | D        | Identified the +5 great mace "Taets" {crush, MR+ Str+4} (Trog gifted it to you in the Dungeon)
 11205 | D        | Reached skill level 15 in Throwing
 11244 | D        | Noticed Geryon
 11256 | D        | HP: 8/192 [hell beast[Geryon] (21)]
 11309 | D        | Received a gift from Trog
 11580 | D        | Received a gift from Trog
 11733 | D        | Received a gift from Trog
 12045 | D        | Received a gift from Trog
 12261 | D        | Received a gift from Trog
 12275 | D        | Received a gift from Trog
 12276 | D        | Noticed a greater mummy
 12287 | D        | Killed a greater mummy
 12287 | D        | Received a gift from Trog
 12292 | D        | Noticed a greater mummy
 12299 | D        | Killed a greater mummy
 12302 | D        | Demolished by a reaper

Skill      XL: |  1  2  3  4  5  6  7  8  9 10 11 12 13 14 15 16 |
---------------+-------------------------------------------------+-----
Fighting       | 5 7 8 11 12 13 15 18 20 22 25 27 | 27.0
Maces & Flails | 6 7 9 13 14 16 18 21 23 24 26 27 | 27.0
Dodging        | 3 4 5 8 10 11 12 13 15 19 20 21 | 21.7
Stealth        | 1 2 3 4 5 6 11 15 17 | 17.4
Throwing       | 2 4 13 18 | 18.5

Action                   |  1- 3 |  4- 6 |  7- 9 | 10-12 | 13-15 | 16-18 || total
-------------------------+-------+-------+-------+-------+-------+-------++-------
Melee: Mace              |    13 |    32 |   102 |       |       |       ||   147
       Giant spiked club |       |       |    11 |       |   211 |    72 ||   294
       Great mace        |       |       |       |   156 |    35 |       ||   191
       Giant club        |       |       |       |       |   130 |       ||   130
       Kick              |       |       |       |       |     9 |    31 ||    40
Throw: Tomahawk          |       |       |       |     7 |     2 |       ||     9
       Large rock        |       |       |       |       |    11 |    27 ||    38
       Javelin           |       |       |       |       |    10 |    24 ||    34
Invok: Berserk           |     1 |     4 |     3 |     6 |    10 |     3 ||    27
       Burn Spellbooks   |       |     1 |       |       |     1 |       ||     2
       Brothers in Arms  |       |       |     3 |     3 |    12 |     4 ||    22
       Trog's Hand       |       |       |     1 |       |     4 |     3 ||     8
  Use: Potion            |       |     4 |       |     2 |    11 |     6 ||    23
       Scroll            |       |       |     3 |     3 |     4 |     2 ||    12
 Stab: Sleeping          |       |       |     1 |     2 |    20 |     1 ||    24
       Distracted        |       |       |       |       |     4 |     2 ||     6
  Eat: Chunk             |       |     2 |     6 |     7 |    16 |     4 ||    35
       Royal jelly       |       |       |     1 |     1 |    11 |     3 ||    16
       Fruit             |       |       |       |     3 |     2 |     1 ||     6
       Bread ration      |       |       |       |     1 |       |       ||     1
       Meat ration       |       |       |       |       |     2 |       ||     2
       Pizza             |       |       |       |       |     1 |       ||     1
Armor: Animal skin       |     1 |     1 |     8 |       |       |       ||    10
       Robe              |       |       |       |    17 |    75 |     7 ||    99
Dodge: Dodged            |     7 |    14 |    48 |    72 |   267 |    96 ||   504
